 Dungeon Crawl Stone Soup version 0.27-a0-1280-g9d2d252d84 (webtiles) character file.

Game seed: 7515841537750653397

3698 MordorOrchid the Magician (level 10, -4/73 HPs)
             Began as a Djinni Air Elementalist on June 12, 2021.
             Was an Initiate of Gozag.
             Slain by a five-headed hydra (15 damage)
             ... on level 8 of the Dungeon.
             The game lasted 00:28:19 (10695 turns).

MordorOrchid the Magician (DjAE)                   Turns: 10695, Time: 00:28:20

Health: -4/73      AC:  4    Str:  7    XL:     10   Next: 35%
Gold:   879        EV: 15    Int: 27    God:    Gozag SH:  8 Dex: 13

rFire    + + .     SeeInvis .   j - +3 hunting sling (freeze)
rCold    x . .     Faith    .   n - +3 buckler
rNeg     . . .     Spirit   .   a - +0 robe
rPois    ∞         Reflect  .   k - +0 helmet
rElec    .         Harm     .   A - +0 cloak
rCorr    .         Rampage  .   (no gloves)
Will     +....                  (boots unavailable)
Stlth    ++........             (no amulet)
HPRegen  0.22/turn              z - +6 ring of intelligence
MPRegen  0.00/turn              (no ring)

@: swift, flying, studying 2 skills, very quick
A: sickness immunity, fire resistance 2, cold vulnerability 1, float, innate
caster, hp casting, extra vitality 1
a: Renounce Religion, Potion Petition, Call Merchant, Bribe Branch


You were on level 8 of the Dungeon.
You worshipped Gozag.
Gozag was pleased with you.
You visited 1 branch of the dungeon, and saw 8 of its levels.

You collected 973 gold pieces.
You paid 94 gold pieces to Gozag.

Inventory:

Hand Weapons
 j - a +3 hunting sling of freezing (weapon)
 o - a +0 rapier
 w - a +2 falchion of holy wrath
 y - a +4 short sword
Missiles
 b - 162 stones
 e - 80 sling bullets (quivered ammo)
 f - 12 boomerangs
 i - 134 bolts
 u - 42 poisoned darts
Armour
 a - a +0 robe (worn)
 k - a +0 helmet (worn)
 n - a +3 buckler (worn)
 x - a +2 leather armour of willpower
 A - a +0 cloak (worn)
 D - a scarf of invisibility
Magical Staves
 q - a staff of fire
Jewellery
 z - a +6 ring of intelligence (left hand)
Wands
 t - a wand of polymorph (6)
 E - a wand of mindburst (10)
Scrolls
 c - 3 scrolls of fog
 d - a scroll of magic mapping
 g - 3 scrolls of noise
 m - 2 scrolls of holy word
 s - a scroll of enchant armour
 C - a scroll of torment
 H - a scroll of immolation {unknown}
 I - a scroll of vulnerability {unknown}
Potions
 h - 2 potions of degeneration
 l - 2 potions of curing
 p - 2 potions of lignification
 r - a potion of haste
 v - a potion of heal wounds {unknown}
 B - a potion of might
 F - 2 potions of attraction
 G - 3 potions of cancellation


   Skills:
 * Level 6.4 Fighting
 * Level 4.0 Short Blades
 * Level 7.4 Dodging
 * Level 3.8 Stealth
 - Level 4.0 Shields
 + Level 7.6 Spellcasting
 * Level 3.0 Evocations


You had one spell level left.
You knew the following spells:

 Your Spells              Type           Power      Damage    Failure   Level
a - Shock                 Conj/Air       100%       1d9       1%          1
b - Ensorcelled Hibernat  Hex/Ice        100%       N/A       1%          2
c - Static Discharge      Conj/Air       51%        N/A       1%          2
d - Gell's Gravitas       Tloc           25%        N/A       1%          3
f - Lightning Bolt        Conj/Air       25%        1d41      7%          5
i - Sandblast             Erth           100%       2d20      1%          1
p - Poisonous Vapours     Pois/Air       100%       N/A       1%          2
t - Airstrike             Air            25%        N/A       2%          4
W - Swiftness             Air            51%        N/A       1%          3
Your spell library was empty.

Dungeon Overview and Level Annotations

Branches:
Dungeon (8/15)             Temple (0/1) D:7
   Lair: D:8-11

Altars:
Dithmenos
Elyvilon
Gozag
Nemelex Xobeh
Sif Muna
Uskayaw


Innate Abilities, Weirdness & Mutations

You are immune to sickness and miasma.
You are immune to poison.
Your flesh is very heat resistant. (rF++)
You are vulnerable to cold. (rC-)
You float through the air rather than walking.
You learn spells naturally, not from books.
Your magical power is your life essence.
You have superior vitality. (+4 HP)


Message History

Casting: Lightning Bolt (dangerous; 7% risk of failure)
Confirm with . or Enter, or press ? or * to list all spells.
Aiming: Airstrike (dangerous; 2% risk of failure)
Press: ? - help, Dir - move target, f/p - five-headed hydra
Aim: a five-headed hydra (heavily wounded)
The air twists around and strikes the five-headed hydra!
The five-headed hydra is severely wounded.
Casting: Airstrike (dangerous; 2% risk of failure)
Confirm with . or Enter, or press ? or * to list all spells.
Aiming: Airstrike (dangerous; 2% risk of failure)
Press: ? - help, Dir - move target, f/p - five-headed hydra
Aim: a five-headed hydra (heavily wounded)
The air twists around and strikes the five-headed hydra!
The five-headed hydra is severely wounded.
Casting: Airstrike (dangerous; 2% risk of failure)
Confirm with . or Enter, or press ? or * to list all spells.
Aiming: Airstrike (dangerous; 2% risk of failure)
Press: ? - help, Dir - move target, f/p - five-headed hydra
Aim: a five-headed hydra (severely wounded)
The air twists around and strikes the five-headed hydra!
The five-headed hydra is almost dead.
You block the five-headed hydra's attack.
The five-headed hydra barely misses you.
The five-headed hydra misses you. The five-headed hydra bites you!
The five-headed hydra barely misses you.
Casting: Airstrike (dangerous; 2% risk of failure)
Confirm with . or Enter, or press ? or * to list all spells.
Aiming: Airstrike (dangerous; 2% risk of failure)
Press: ? - help, Dir - move target, f/p - five-headed hydra
Aim: a five-headed hydra (almost dead)
The air twists around and strikes the five-headed hydra!
The five-headed hydra is almost dead.
The five-headed hydra closely misses you.
You block the five-headed hydra's attack.
The five-headed hydra bites you!
* * * LOW HITPOINT WARNING * * *
The five-headed hydra closely misses you.
The five-headed hydra bites you!
You die...
Your body crumbles into a pile of gold.

# #)#.#.###########
#. #..#..#
#.###.#.#.##
#.....###<.# ###.#.#
##.# #[#.# #.# #.#.#
#.#
####.#.####D######
#....#....#@.....#
###.#######.######.#
####.......)...###
......#######....####
#####.#.....#..#.....
#####.#.....#...#####
......#.._..).##.#
#####.#.....#.#.##
......#.....#..##


You could see a five-headed hydra.

Vanquished Creatures
  2 centaur zombies
  Eustachio (D:4)
  A wyvern (D:8)
  Edmund (D:5)
  A water moccasin (D:6)
  An acid dragon (D:8)
  An orc warrior (D:7)
  2 ice beasts
  2 black bears (D:6)
  A hornet zombie (D:8)
  2 ogres
  2 necrophages
  A centaur (D:5)
  A phantom (D:7)
  Blork the orc (D:4)
  2 gnoll sergeants
  2 bullfrogs (D:8)
  3 scorpions
  3 killer bees (D:8)
  8 wights
  4 howler monkeys
  A jelly (D:7)
  4 hounds
  An orc priest (D:7)
  2 iguanas
  A scorpion zombie (D:5)
  2 orc wizards
  Robin (D:4)
  12 gnolls
  5 adders
  2 white imps
  5 worms
  2 dart slugs
  19 orcs
  6 ball pythons
  An endoplasm (D:3)
  5 giant cockroaches
  14 goblins
  8 hobgoblins
  6 jackals (D:2)
  2 quokkas
  5 bats
  3 frilled lizards
  9 kobolds
  6 rats
164 creatures vanquished.

Vanquished Creatures (others)
  A plant (D:7)
1 creature vanquished.

Grand Total: 165 creatures vanquished

Notes
Turn   | Place    | Note
-------+----------+-------------------------------------------
     0 | D:1      | MordorOrchid the Djinni Air Elementalist began the quest
                  | for the Orb.
     0 | D:1      | Reached XP level 1. HP: 15/15 MP: 0/0
   297 | D:1      | Reached XP level 2. HP: 20/21 MP: 0/0
  1113 | D:2      | Reached skill level 1 in Fighting
  1113 | D:2      | Reached XP level 3. HP: 18/27 MP: 0/0
  1113 | D:2      | Learned a level 1 spell: Sandblast
  1456 | D:2      | Reached XP level 4. HP: 16/32 MP: 0/0
  2610 | D:3      | Found a faded altar of an unknown god.
  2634 | D:3      | Found a hide-covered altar of Uskayaw.
  2702 | D:3      | Found a shadowy altar of Dithmenos.
  2993 | D:3      | Reached XP level 5. HP: 35/37 MP: 0/0
  2993 | D:3      | Learned a level 2 spell: Poisonous Vapours
  3551 | D:4      | Noticed Blork the orc
  3567 | D:4      | Noticed an ogre
  3730 | D:4      | Noticed Robin
  3736 | D:4      | Killed Robin
  3746 | D:4      | Reached XP level 6. HP: 23/43 MP: 0/0
  3924 | D:4      | Killed Blork the orc
  3925 | D:4      | Reached skill level 1 in Shields
  4184 | D:4      | Killed an ogre
  4185 | D:4      | Reached XP level 7. HP: 44/49 MP: 0/0
  4185 | D:4      | Learned a level 2 spell: Ensorcelled Hibernation
  4249 | D:4      | Noticed Eustachio
  4270 | D:4      | Killed Eustachio
  4650 | D:4      | Identified 2 scrolls of acquirement
  4650 | D:4      | Acquired a manual of Dodging
  4652 | D:4      | Acquired a manual of Fighting
  4664 | D:5      | Entered Level 5 of the Dungeon
  4850 | D:5      | Reached skill level 1 in Short Blades
  5062 | D:5      | Noticed Menkaure
  5155 | D:5      | Reached XP level 8. HP: 23/56 MP: 0/0
  5426 | D:5      | Reached skill level 5 in Spellcasting
  5554 | D:5      | Noticed Edmund
  6082 | D:5      | Found a sparkling altar of Nemelex Xobeh.
  6082 | D:5      | Found an opulent altar of Gozag.
  6088 | D:5      | Became a worshipper of Gozag Ym Sagoz the Greedy
  6159 | D:5      | Killed Edmund
  6160 | D:5      | Reached skill level 5 in Dodging
  6627 | D:6      | Reached XP level 9. HP: 53/63 MP: 0/0
  6627 | D:6      | Learned a level 3 spell: Gell's Gravitas
  6805 | D:6      | Reached skill level 1 in Evocations
  7008 | D:6      | Reached skill level 5 in Fighting
  8629 | D:7      | Found a staircase to the Ecumenical Temple.
  9031 | D:7      | Reached XP level 10. HP: 56/72 MP: 0/0
  9658 | D:8      | Found a white marble altar of Elyvilon.
 10628 | D:8      | Noticed a five-headed hydra
 10695 | D:8      | Slain by a five-headed hydra

Illustrated notes

Levels and vault maps discovered:
D:1:      onia_arrival_mini_maze_b, layout_basic
D:2:      layout_rooms
D:3:      layout_basic, general_overflow_altar, gammafunk_temple_overflow_wave,
          basic_ecumenical_altar, wad_orctagon
D:4:      layout_rooms, kennysheep_crisscross, corexii_item_surrounded_by_moat,
          uniq_robin, uniq_eustachio, uniq_blork_the_orc
D:5:      layout_gridville, grunt_temple_overflow_opulence,
          minmay_misc_feat_tiny, dk_noncrumbling_4, uniq_menkaure, uniq_edmund
D:6:      layout_gridville
D:7:      layout_layer_cave, minmay_temple_entry_overgrown
D:8:      layout_loops_ring, amcnicky_altar_gilded, grunt_decor_resistance,
          minmay_starry_boxes

Skill      XL: |  1  2  3  4  5  6  7  8  9 10 |
---------------+-------------------------------+-----
Fighting       | 1 2 3 4 5 6 |  6.4
Spellcasting   | 3 4 5 7 |  7.6
Stealth        | 2 3 |  3.8
Dodging        | 3 4 5 6 7 |  7.4
Shields        | 1 2 3 4 |  4.0
Short Blades   | 1 2 3 4 |  4.0
Evocations     | 2 3 |  3.0

Action                   |  1- 3 |  4- 6 |  7- 9 | 10-12 || total
-------------------------+-------+-------+-------+-------++-------
Melee: Short sword       |       |       |     2 |       ||     2
 Fire: Hunting sling     |       |       |    16 |    12 ||    28
Throw: Dart              |     1 |     1 |       |       ||     2
 Cast: Shock             |    51 |    84 |    44 |     1 ||   180
       Sandblast         |       |     6 |    23 |     2 ||    31
       Poisonous Vapours |       |    17 |    58 |     8 ||    83
       Ensorcelled Hiber |       |       |     4 |       ||     4
       Airstrike         |       |       |    28 |    30 ||    58
       Static Discharge  |       |       |     4 |       ||     4
       Lightning Bolt    |       |       |       |     8 ||     8
       Swiftness         |       |       |       |     1 ||     1
Evoke: Wand              |       |       |    16 |       ||    16
  Use: Scroll            |     1 |       |    17 |     4 ||    22
       Potion            |       |       |     3 |       ||     3
 Stab: Sleeping          |       |       |     2 |       ||     2
Armor: Robe              |       |     6 |     9 |       ||    15
Dodge: Dodged            |     5 |    13 |    24 |    12 ||    54
Block: Buckler           |       |       |       |    13 ||    13

Table legend: (Time is in decaauts)
 A = Elapsed time spent in this place.
 B = Non-inter-level travel time spent in this place.
 C = Inter-level travel time spent in this place.
 D = Time resting spent in this place.
 E = Time spent auto-exploring this place.
 F = Levels seen in this place.
 G = Mean time per level.
                   A        B        C        D        E       F      G
               +--------+--------+--------+--------+--------+-----+--------+
         Total |  10695 |  10490 |    205 |   1567 |   7702 |   8 | 1336.9 |
       Dungeon |  10695 |  10490 |    205 |   1567 |   7702 |   8 | 1336.9 |
               +--------+--------+--------+--------+--------+-----+--------+

Top non-repeatable levels by time:
     D:6: 1809 daAuts
     D:5: 1624 daAuts
     D:7: 1538 daAuts
     D:3: 1438 daAuts
     D:4: 1249 daAuts
     D:2: 1168 daAuts
     D:1: 1042 daAuts
     D:8: 822 daAuts
